 Dungeon Crawl Stone Soup version 0.27.0-66-gdc8fb28755 (webtiles) character file.

Game seed: 13761141564549084241

65 Thatpatchoflichen the Ruffian (level 3, 0/28 HPs)
             Began as a Draconian Transmuter on Aug 19, 2021.
             Slain by Grinder (3 damage)
             ... on level 3 of the Dungeon.
             The game lasted 00:05:14 (2476 turns).

Thatpatchoflichen the Ruffian (DrTm)                Turns: 2476, Time: 00:05:14

Health: 0/28       AC:  5    Str: 12    XL:     3   Next: 94%
Magic:  5/6        EV: 27    Int: 14    God:
Gold:   106        SH:  0    Dex: 11    Spells: 3/6 levels left

rFire    . . .     SeeInvis .     - Unarmed
rCold    . . .     Faith    .   (no shield)
rNeg     . . .     Spirit   .   (armour unavailable)
rPois    .         Reflect  .   (helmet currently unavailable)
rElec    .         Harm     .   (no cloak)
rCorr    .         Rampage  .   (no gloves)
Will     .....                  (boots currently unavailable)
Stlth    +.........             a - amulet of the acrobat
HPRegen  0.09/turn              (no ring)
MPRegen  0.10/turn              (no ring)

@: appendages, acrobatic
A: horns 2, talons 2, AC +5, unfitting armour, cold-blooded
a: End Transformation


You were on level 3 of the Dungeon.
You had temporarily grown beastly horns and talons.
You visited 1 branch of the dungeon, and saw 3 of its levels.

You collected 106 gold pieces.

Inventory:

Jewellery
 a - an amulet of the acrobat (around neck)
Scrolls
 d - a scroll of identify {unknown}
 g - a scroll of fog {unknown}
Potions
 b - a potion of ambrosia {unknown}
 c - a potion of magic {unknown}
 e - 3 potions of flight {unknown}
 f - a potion of lignification {unknown}


   Skills:
 - Level 1.1 Fighting
 - Level 1.7 Dodging
 + Level 3.9 Unarmed Combat
 - Level 2.0 Spellcasting
 + Level 3.4 Transmutations


You had 3 spell levels left.
You knew the following spells:

 Your Spells              Type           Power      Damage    Failure   Level
a - Beastly Appendage     Tmut           22%        N/A       6%          1
b - Wereblood             Tmut           11%        N/A       9%          2

Your spell library contained the following spells:

 Spells                   Type           Power      Damage    Failure   Level
 Spider Form              Tmut/Pois      3%         N/A       34%         3
 Ice Form                 Ice/Tmut       6%         N/A       75%         4


Dungeon Overview and Level Annotations

Branches:
Dungeon (3/15)

Altars:
The Shining One

Shops:
D:1 [

Annotations:
D:3 Grinder


Innate Abilities, Weirdness & Mutations

You have temporarily grown beastly horns and talons.
Your plain brown scales are hard. (AC +5)
You cannot fit into any form of body armour.
You are cold-blooded and may be slowed by cold attacks.


Message History

There is a stone staircase leading up here.
There is a stone staircase leading up here.
You climb upwards.
There is a stone staircase leading down here.
There is a stone staircase leading down here.
You climb downwards.
There is a stone staircase leading up here.
Grinder comes into view.
Grinder shouts!
Found a robe.
Grinder says, "DUCK!"
Grinder blinks!
An orc comes into view. It is wielding a +0 war axe.
Casting: Beastly Appendage (safe; 6% risk of failure)
Press: ? - help, Q - select action, (/) - cycle Dir - look around, f - activate You grow a pair of large bovine horns.
Your feet morph into talons.
The orc hits you with a +0 war axe.
You hit the orc. You claw the orc.
The orc is almost dead.
The orc closely misses you.
You closely miss the orc.
The orc is almost dead.
The orc hits you with a +0 war axe.
You barely miss the orc.
The orc is almost dead.
The orc hits you with a +0 war axe.
You hit the orc.
You kill the orc!
Grinder gestures at you. Pain shoots through your body!
Ouch! That really hurt!
* * * LOW HITPOINT WARNING * * *
Things that are here:
a +0 war axe; a +0 chain mail Grinder blinks!
Grinder says, "What is the universe for?"
Grinder hits you.
* * * LOW HITPOINT WARNING * * *
You writhe in agony.
You die...

..##########.###
#ยง# #.# #.# #.#
##### #.#
##...## #.#
#######.....#
#.#
.......@....#
#.#
#######5....#
#.#
##..)########.#
#......5......#
##...##########
##.## ###


You could see Grinder.

Vanquished Creatures
  3 adders (D:2)
  An orc (D:3)
  4 ball pythons
  A bat (D:1)
  4 endoplasms
  3 giant cockroaches (D:1)
  5 hobgoblins
  3 jackals (D:1)
  3 kobolds
  2 quokkas (D:2)
  A frilled lizard (D:1)
  2 goblins (D:2)
  2 rats
34 creatures vanquished.

Notes
Turn   | Place    | Note
-------+----------+-------------------------------------------
     0 | D:1      | Thatpatchoflichen the Draconian Transmuter began the quest
                  | for the Orb.
     0 | D:1      | Reached XP level 1. HP: 16/16 MP: 3/3
   246 | D:1      | Found Firaijaps's Antique Armour Shop.
   332 | D:1      | Reached XP level 2. HP: 23/23 MP: 3/5
   756 | D:1      | Found a faded altar of an unknown god.
  1210 | D:2      | Learned a level 2 spell: Wereblood
  1244 | D:2      | Reached XP level 3. HP: 17/28 MP: 4/6
  1844 | D:2      | Found a glowing golden altar of the Shining One.
  2382 | D:3      | Noticed an ogre
  2444 | D:3      | Noticed Grinder
  2476 | D:3      | Slain by Grinder

Illustrated notes

Levels and vault maps discovered:
D:1:      nzn_arrival_water_spiral, layout_loops_corners, serial_shops,
          shop_statue, shapermc_ecumenical_altar_mp_vishouse,
          chequers_mini_garden
D:2:      layout_basic, basic_altar
D:3:      layout_loops_ring, grunt_ministairs_5, uniq_grinder

Skill      XL: |  1  2 |
---------------+-------+-----
Transmutations | 3 |  3.4
Fighting       | |  1.1
Dodging        | |  1.7
Unarmed Combat | |  3.9
Spellcasting   | |  2.0

Action                   || total
-------------------------++-------
Melee: Unarmed           ||   119
       Kick              ||    15
       Headbutt          ||     6
       Tailslap          ||     9
 Cast: Beastly Appendage ||    28
Armor: Skin              ||    28
Dodge: Dodged            ||    80
